[Event "AUT-ch 2018"]
[Site "Vienna"]
[Date "2018.07.27"]
[Round "7"]
[White "Wagner, Leopold Franziskus"]
[Black "Iro, Christian"]
[Result "1-0"]
[ECO "A06"]
[WhiteElo "2108"]
[BlackElo "2055"]
[Annotator "NA"]
[PlyCount "103"]
[EventDate "2018.07.22"]
[EventType "swiss"]
[EventCountry "AUT"]
[SourceTitle "playchess.com"]
[Source "ChessBase"]
[SourceQuality "1"]
[TimeControl "40/5400+30:1800+30"]

1. Nf3 d5 2. g3 Nf6 3. Bg2 e6 4. O-O Be7 5. d4 O-O 6. Ne5 c5 7. c3 Nc6 8. f4 Qc7 9. e3 a5 10. a4 b6 11. g4 Ne4 12. Na3 Ba6 13. Rf3 Nxe5 14. dxe5 f6 15. exf6 Nxf6 16. g5 Ne4 17. g6 h6 18. Bd2 Rf6 19. Be1 Rd8 20. Bg3 Nxg3 21. hxg3 Rxg6 22. Qc2 Rf6 23. g4 e5 24. f5 e4 25. Rh3 Bd3 26. Qf2 Rf7 27. Bf1 Bxf1 28. Rxf1 Qe5 29. Nb5 Bg5 30. Qc2 g6 31. fxg6 Rxf1+ 32. Kxf1 Rf8+ 33. Kg2 Qf6 34. Qe2 Qxg6 35. b4 axb4 36. cxb4 Qe6 37. a5 bxa5 38. bxc5 Rf3 39. Rg3 Bh4 40. Rxf3 Qxg4+ 41. Rg3 Qxg3+ 42. Kf1 Bg5 43. Qh5 Qe5 44. Nd4 a4 45. c6 a3 46. Qg6+ Kh8 47. Ne6 Qf6+ 48. Qxf6+ Bxf6 49. c7 a2 50. c8=Q+ Kh7 51. Qd7+ Kg6 52. Nf8+ 1-0

[Event "AUT-ch 2018"]
[Site "Vienna"]
[Date "2018.07.27"]
[Round "7"]
[White "Schloffer, Jasmin-Denise"]
[Black "Froewis, Georg"]
[Result "0-1"]
[ECO "D47"]
[WhiteElo "2102"]
[BlackElo "2427"]
[Annotator "NA"]
[PlyCount "80"]
[EventDate "2018.07.22"]
[EventType "swiss"]
[EventCountry "AUT"]
[SourceTitle "playchess.com"]
[Source "ChessBase"]
[SourceQuality "1"]
[TimeControl "40/5400+30:1800+30"]

1. d4 d5 2. c4 e6 3. Nc3 c6 4. e3 Nf6 5. Nf3 Nbd7 6. Bd3 dxc4 7. Bxc4 b5 8. Be2 Bb7 9. O-O Be7 10. e4 b4 11. e5 bxc3 12. exf6 Nxf6 13. bxc3 Qc7 14. Rb1 Bd6 15. Ne5 O-O 16. f4 c5 17. Bf3 Rab8 18. Be3 Nd5 19. Bxd5 Bxd5 20. Qd2 c4 21. Qc2 f6 22. Ng4 Rxb1 23. Qxb1 Qc6 24. Qc2 Be4 25. Qd2 h5 26. Nf2 Bxg2 27. Rb1 Bd5 28. Qe2 Qe8 29. Qc2 Qf7 30. Re1 Rb8 31. Bc1 Ba8 32. Kf1 Bd5 33. Kg1 a6 34. Kf1 Kh8 35. Kg1 Qg8 36. f5 Qh7 37. Nd1 exf5 38. Ne3 Qg6+ 39. Kf1 Be4 40. Qd2 Bd3+ 0-1

[Event "AUT-ch 2018"]
[Site "Vienna"]
[Date "2018.07.27"]
[Round "7"]
[White "Jedinger, Andreas"]
[Black "Goessler, Markus"]
[Result "1-0"]
[ECO "C87"]
[WhiteElo "2090"]
[BlackElo "2190"]
[Annotator "NA"]
[PlyCount "131"]
[EventDate "2018.07.22"]
[EventType "swiss"]
[EventCountry "AUT"]
[SourceTitle "playchess.com"]
[Source "ChessBase"]
[SourceQuality "1"]
[TimeControl "40/5400+30:1800+30"]

1. e4 e5 2. Nf3 Nc6 3. Bb5 a6 4. Ba4 Nf6 5. O-O Be7 6. Re1 d6 7. c3 Bg4 8. h3 Bh5 9. d3 O-O 10. Nbd2 Nd7 11. Nf1 Nc5 12. Bc2 Ne6 13. Ng3 Bxf3 14. Qxf3 Bg5 15. Be3 g6 16. Rad1 Bxe3 17. Qxe3 Qg5 18. Qxg5 Nxg5 19. d4 h5 20. h4 Nh7 21. Nf1 Kg7 22. Ne3 Rac8 23. a3 Nf6 24. f3 Nb8 25. Bb3 Nbd7 26. Nc4 Rfe8 27. Ba2 Nf8 28. b4 N6d7 29. Na5 Rb8 30. Bd5 c6 31. Bb3 Nb6 32. dxe5 dxe5 33. Rd6 Na8 34. Red1 Nc7 35. a4 Re7 36. Rd8 Re8 37. Rxb8 Rxb8 38. Kf2 Ne8 39. Ke3 Kf6 40. g3 Ke7 41. f4 f6 42. Bc4 Nc7 43. Rf1 Nfe6 44. Be2 Ng7 45. fxe5 f5 46. Bc4 Nce6 47. Bxa6 Nd8 48. Bd3 Ke6 49. Kf4 b6 50. Nb3 fxe4 51. Bxe4 Ra8 52. Nd4+ Ke7 53. Bxg6 c5 54. Nf5+ Nxf5 55. Bxf5 cxb4 56. cxb4 Rxa4 57. Rb1 Ra3 58. Rd1 Rb3 59. Rd7+ Ke8 60. Rd4 Ke7 61. Rd7+ Ke8 62. e6 Rxb4+ 63. Kg5 Rb5 64. Kf6 Nc6 65. Bg6+ Kf8 66. Rd8+ 1-0

[Event "AUT-ch 2018"]
[Site "Vienna"]
[Date "2018.07.27"]
[Round "7"]
[White "Hatzl, Johannes"]
[Black "Sadilek, Peter"]
[Result "0-1"]
[ECO "B09"]
[WhiteElo "2068"]
[BlackElo "2268"]
[Annotator "NA"]
[PlyCount "52"]
[EventDate "2018.07.22"]
[EventType "swiss"]
[EventCountry "AUT"]
[SourceTitle "playchess.com"]
[Source "ChessBase"]
[SourceQuality "1"]
[TimeControl "40/5400+30:1800+30"]

1. e4 g6 2. d4 Bg7 3. Nc3 d6 4. f4 Nf6 5. Nf3 O-O 6. e5 dxe5 7. fxe5 Nd5 8. Bc4 Be6 9. Nxd5 Bxd5 10. Bxd5 Qxd5 11. Qe2 c5 12. c4 Qd7 13. d5 e6 14. d6 f6 15. Bf4 Nc6 16. O-O fxe5 17. Nxe5 Qxd6 18. Nxg6 Qd4+ 19. Be3 Rxf1+ 20. Rxf1 Qe4 21. Nf4 Rf8 22. b3 Nd4 23. Qd2 Nc2 24. Bxc5 Bd4+ 25. Bxd4 Nxd4 26. Qf2 Qxf4 0-1

[Event "AUT-ch 2018"]
[Site "Vienna"]
[Date "2018.07.27"]
[Round "7"]
[White "Gutmann, Alois"]
[Black "Schmidlechner, Alexander"]
[Result "1/2-1/2"]
[ECO "A00"]
[WhiteElo "2062"]
[BlackElo "2226"]
[Annotator "NA"]
[PlyCount "79"]
[EventDate "2018.07.22"]
[EventType "swiss"]
[EventCountry "AUT"]
[SourceTitle "playchess.com"]
[Source "ChessBase"]
[SourceQuality "1"]
[TimeControl "40/5400+30:1800+30"]

1. Nc3 d5 2. e4 d4 3. Nce2 c5 4. Nf3 Nc6 5. Ng3 Nf6 6. Bb5 Bd7 7. a4 e6 8. c3 Be7 9. Qc2 h5 10. h4 Rc8 11. d3 a6 12. Bc4 Ng4 13. Bg5 Nge5 14. Nxe5 Nxe5 15. Bxe7 Qxe7 16. Qd2 Nxc4 17. dxc4 e5 18. a5 g6 19. Ne2 Bc6 20. f3 Kf8 21. Nc1 Kg7 22. Nd3 f5 23. exf5 e4 24. f6+ Qxf6 25. fxe4 Bxe4 26. O-O-O Rhd8 27. Nf4 dxc3 28. Qxc3 Qxc3+ 29. bxc3 Rxd1+ 30. Rxd1 Kf6 31. Rd7 Kf5 32. Nd5 Bxd5 33. cxd5 Ke5 34. Rxb7 Kxd5 35. Rd7+ Kc6 36. Rg7 Kb5 37. Rxg6 Kc4 38. Rg5 Rf8 39. Kd1 Rf2 40. Ke1 1/2-1/2

[Event "AUT-ch 2018"]
[Site "Vienna"]
[Date "2018.07.27"]
[Round "7"]
[White "Mira, Helene"]
[Black "Kordzadze, Nino"]
[Result "1/2-1/2"]
[ECO "A96"]
[WhiteElo "1966"]
[BlackElo "2097"]
[Annotator "NA"]
[PlyCount "121"]
[EventDate "2018.07.22"]
[EventType "swiss"]
[EventCountry "AUT"]
[SourceTitle "playchess.com"]
[Source "ChessBase"]
[SourceQuality "1"]
[TimeControl "40/5400+30:1800+30"]

1. d4 f5 2. g3 e6 3. Bg2 Nf6 4. Nf3 Be7 5. O-O O-O 6. c4 d6 7. Nc3 a5 8. Qd3 Nc6 9. e4 e5 10. dxe5 dxe5 11. Qxd8 Rxd8 12. Nd5 Bd6 13. Bg5 Rf8 14. Bxf6 gxf6 15. exf5 Bxf5 16. Nh4 Bd3 17. Rfc1 e4 18. Nf5 Be5 19. Nc3 Rad8 20. Rd1 Bxc3 21. bxc3 Ne5 22. c5 Rfe8 23. Ne3 Nd7 24. Nd5 c6 25. Nf4 Nxc5 26. Rd2 Na4 27. Rc1 c5 28. c4 Rd4 29. Nd5 Kf7 30. Ne3 Nb6 31. Rb2 Nxc4 32. Rxb7+ Kg6 33. Rc7 Re5 34. Bf1 Nxe3 35. fxe3 Rb4 36. Bh3 c4 37. Bd7 Rb2 38. a4 Re2 39. Bg4 Ra2 40. Bd7 Re2 41. Bg4 Rb2 42. Bd7 h5 43. Rc6 Re7 44. Be6 Rb4 45. Bxc4 Rxa4 46. Bxd3 exd3 47. Rf1 Rxe3 48. Rcxf6+ Kg5 49. Kg2 Ra2+ 50. Kh3 Re5 51. Rd6 d2 52. Rf4 a4 53. Rfd4 a3 54. Rxd2 Rb2 55. Rxb2 axb2 56. Rb6 Re2 57. Rb5+ Kf6 58. g4 hxg4+ 59. Kxg4 Rxh2 60. Kf3 Ke6 61. Ke3 1/2-1/2

[Event "AUT-ch 2018"]
[Site "Vienna"]
[Date "2018.07.28"]
[Round "8"]
[White "Schreiner, Peter"]
[Black "Morgunov, Marc"]
[Result "1/2-1/2"]
[ECO "E62"]
[WhiteElo "2467"]
[BlackElo "2362"]
[Annotator "RC"]
[PlyCount "61"]
[EventDate "2018.07.22"]
[EventType "swiss"]
[EventCountry "AUT"]
[SourceTitle "playchess.com"]
[Source "ChessBase"]
[SourceQuality "1"]
[TimeControl "40/5400+30:1800+30"]

1. Nf3 Nf6 2. g3 g6 3. Bg2 Bg7 4. O-O O-O 5. c4 d6 6. d4 Nc6 7. Nc3 Bf5 8. d5 Na5 9. Nd4 Bd7 10. b3 c5 11. dxc6 bxc6 12. Bd2 c5 13. Nf3 Rb8 14. Qc1 Nc6 15. Bh6 Nd4 16. Bxg7 Kxg7 17. Nxd4 cxd4 18. Nd5 Nxd5 19. cxd5 Rb4 20. e3 Qb6 21. exd4 a5 22. Re1 Re8 23. Re4 Bf5 24. Rf4 a4 25. bxa4 Rxa4 26. Be4 Bxe4 27. Rxe4 Qa7 28. Rh4 h5 29. Rxh5 gxh5 30. Qg5+ Kf8 31. Qh6+ 1/2-1/2

[Event "AUT-ch 2018"]
[Site "Vienna"]
[Date "2018.07.28"]
[Round "8"]
[White "Neubauer, Martin"]
[Black "Bauer, Thomas"]
[Result "1-0"]
[ECO "A48"]
[WhiteElo "2439"]
[BlackElo "2181"]
[Annotator "NA"]
[PlyCount "105"]
[EventDate "2018.07.22"]
[EventType "swiss"]
[EventCountry "AUT"]
[SourceTitle "playchess.com"]
[Source "ChessBase"]
[SourceQuality "1"]
[TimeControl "40/5400+30:1800+30"]

1. d4 Nf6 2. Nf3 g6 3. c4 Bg7 4. Nc3 O-O 5. e4 d6 6. h3 e5 7. d5 Na6 8. Be3 Nh5 9. Qc2 f5 10. a3 Nc5 11. Nd2 Ne6 12. dxe6 f4 13. Bxa7 Rxa7 14. c5 Bxe6 15. cxd6 c6 16. Nf3 Bf6 17. Na4 Qa5+ 18. Nc3 b5 19. b4 Qb6 20. Be2 Rd8 21. O-O Ng3 22. Rfd1 Nxe2+ 23. Nxe2 Bc4 24. Nc1 Qb8 25. Nb3 Rxd6 26. Na5 Rxd1+ 27. Rxd1 Bf7 28. Qxc6 Kg7 29. Rd7 g5 30. Rxa7 Qxa7 31. Qxb5 Qa8 32. Qb7 Qd8 33. Nc6 Qd1+ 34. Kh2 Qd6 35. b5 h5 36. Qb8 Qc5 37. Ncxe5 g4 38. Nxf7 Qxf2 39. Qh8+ Kxf7 40. Qxh5+ Ke7 41. Qxg4 Qe3 42. Qf5 Bd4 43. e5 Bc5 44. Qf6+ Kd7 45. a4 Bb4 46. Qf7+ Kc8 47. Qc4+ Bc5 48. a5 Kd7 49. Qf7+ Kd8 50. b6 Qc1 51. e6 Qd1 52. Qc7+ Ke8 53. Qc8+ 1-0

[Event "AUT-ch 2018"]
[Site "Vienna"]
[Date "2018.07.28"]
[Round "8"]
[White "Schwabeneder, Florian"]
[Black "Sandhoefner, Florian"]
[Result "1-0"]
[ECO "D02"]
[WhiteElo "2431"]
[BlackElo "2327"]
[Annotator "NA"]
[PlyCount "83"]
[EventDate "2018.07.22"]
[EventType "swiss"]
[EventCountry "AUT"]
[SourceTitle "playchess.com"]
[Source "ChessBase"]
[SourceQuality "1"]
[TimeControl "40/5400+30:1800+30"]

1. d4 d5 2. Nf3 Nf6 3. c4 c6 4. Qb3 dxc4 5. Qxc4 Bf5 6. g3 e6 7. Bg2 Nbd7 8. O-O Be7 9. e3 O-O 10. Rd1 h6 11. Nc3 Ne4 12. Ne1 Ndf6 13. f3 Nxc3 14. bxc3 Bh7 15. e4 Qc8 16. Be3 Rd8 17. Nd3 Nd7 18. Qb3 c5 19. Nf4 Nb6 20. Bf1 Qc7 21. a4 Nd7 22. Nxe6 fxe6 23. Qxe6+ Kh8 24. Qxe7 Re8 25. Qh4 cxd4 26. Bxd4 Ne5 27. Qf4 Re7 28. Rab1 Nxf3+ 29. Qxf3 Bxe4 30. Qh5 Bxb1 31. Rxb1 Qc6 32. Qf5 Qd7 33. Qxd7 Rxd7 34. Bg2 Rb8 35. Bxa7 Ra8 36. Bd4 Rxa4 37. Bxb7 Re7 38. Bd5 Kh7 39. Rb7 Rxb7 40. Bxb7 Ra1+ 41. Kg2 Ra2+ 42. Bf2 1-0

[Event "AUT-ch 2018"]
[Site "Vienna"]
[Date "2018.07.28"]
[Round "8"]
[White "Froewis, Georg"]
[Black "Stanec, Nikolaus"]
[Result "0-1"]
[ECO "E91"]
[WhiteElo "2427"]
[BlackElo "2465"]
[Annotator "ChessBase"]
[PlyCount "68"]
[EventDate "2018.07.22"]
[EventType "swiss"]
[EventCountry "AUT"]
[SourceTitle "playchess.com"]
[Source "ChessBase"]
[SourceQuality "1"]
[TimeControl "40/5400+30:1800+30"]

1. Nf3 Nf6 2. c4 d6 3. d4 g6 4. Nc3 Bg7 5. e4 O-O 6. Be2 c5 7. O-O cxd4 8. Nxd4 Nc6 9. Be3 Bd7 10. Nc2 Rc8 11. f3 Be6 12. Qd2 Nd7 13. Rac1 a6 14. Na3 Qa5 15. Rfd1 f5 16. exf5 Qxf5 17. Ne4 Kh8 18. b3 Nf6 19. Ng5 Bg8 20. c5 d5 21. Bd3 Qd7 22. Qe1 e5 23. Qh4 Qe8 24. b4 Ne7 25. b5 Nf5 26. Bxf5 gxf5 27. f4 Ng4 28. Bf2 Nxf2 29. Qxf2 e4 30. bxa6 bxa6 31. Nc2 h6 32. Nh3 Qe7 33. Ne3 d4 34. Nc4 Qxc5 0-1

[Event "AUT-ch 2018"]
[Site "Vienna"]
[Date "2018.07.28"]
[Round "8"]
[White "Huber, Martin Christian"]
[Black "Diermair, Andreas"]
[Result "1/2-1/2"]
[ECO "A05"]
[WhiteElo "2374"]
[BlackElo "2508"]
[Annotator "ChessBase"]
[PlyCount "116"]
[EventDate "2018.07.22"]
[EventType "swiss"]
[EventCountry "AUT"]
[SourceTitle "playchess.com"]
[Source "ChessBase"]
[SourceQuality "1"]
[TimeControl "40/5400+30:1800+30"]

1. Nf3 Nf6 2. c4 b6 3. g3 Bb7 4. Bg2 e6 5. O-O Be7 6. d4 O-O 7. d5 exd5 8. Nh4 c6 9. cxd5 Nxd5 10. Nf5 Nc7 11. e4 d5 12. Nc3 Bf6 13. exd5 cxd5 14. Bf4 Nba6 15. Nd6 Bc6 16. Nxd5 Bxd5 17. Bxd5 Nxd5 18. Qxd5 Bxb2 19. Rad1 Nc5 20. Rfe1 Qd7 21. h4 Ne6 22. Be5 Ba3 23. Qf3 Bc5 24. Ne4 Bd4 25. Nf6+ gxf6 26. Qg4+ Ng7 27. Qxd7 fxe5 28. Kg2 Rad8 29. Qb7 Ne6 30. Re2 a5 31. Rc2 Bxf2 32. Rxd8 Nxd8 33. Qe7 Bd4 34. Qg5+ Kh8 35. Qf6+ Kg8 36. Rc8 Ne6 37. Rxf8+ Nxf8 38. Qg5+ Kh8 39. Kf3 Ne6 40. Qf6+ Kg8 41. Ke4 Nc5+ 42. Kd5 Ne6 43. Qf5 Kg7 44. Kd6 Kg8 45. Ke7 Bc5+ 46. Kd7 Bd4 47. g4 e4 48. g5 e3 49. Qf3 Bc5 50. Ke8 Ng7+ 51. Kd7 Ne6 52. Qe4 Bd4 53. Ke8 Bc5 54. Qf3 Ng7+ 55. Kd7 Ne6 56. Ke8 Ng7+ 57. Kd8 Ne6+ 58. Kd7 Ng7 1/2-1/2

[Event "AUT-ch 2018"]
[Site "Vienna"]
[Date "2018.07.28"]
[Round "8"]
[White "Morgunov, Daniel"]
[Black "Schnider, Gert"]
[Result "0-1"]
[ECO "C07"]
[WhiteElo "2346"]
[BlackElo "2422"]
[Annotator "NA"]
[PlyCount "76"]
[EventDate "2018.07.22"]
[EventType "swiss"]
[EventCountry "AUT"]
[SourceTitle "playchess.com"]
[Source "ChessBase"]
[SourceQuality "1"]
[TimeControl "40/5400+30:1800+30"]

1. e4 e6 2. d4 d5 3. Nd2 c5 4. exd5 Qxd5 5. Ngf3 cxd4 6. Bc4 Qd6 7. O-O Nf6 8. Nb3 Nc6 9. Nbxd4 Nxd4 10. Nxd4 a6 11. a4 Qc7 12. Qe2 Bd6 13. h3 O-O 14. Rd1 h6 15. b3 e5 16. Nf3 e4 17. Nd2 Be5 18. Rb1 Bf5 19. Nf1 Rfe8 20. Ne3 Be6 21. Bxe6 Rxe6 22. c4 Rae8 23. Ba3 Bf4 24. Bb2 Bxe3 25. Qxe3 Nh5 26. Bc1 f5 27. Rd5 f4 28. Qe2 f3 29. Qe3 Rg6 30. g4 Nf6 31. Rd4 Qc8 32. Kf1 h5 33. gxh5 Rg1+ 34. Kxg1 Qxh3 35. Qg5 Ng4 36. Qxg4 Qxg4+ 37. Kf1 Qg2+ 38. Ke1 e3 0-1

[Event "AUT-ch 2018"]
[Site "Vienna"]
[Date "2018.07.28"]
[Round "8"]
[White "Knoll, Hermann"]
[Black "Frank, Emanuel"]
[Result "0-1"]
[ECO "D00"]
[WhiteElo "2338"]
[BlackElo "2161"]
[Annotator "NA"]
[PlyCount "174"]
[EventDate "2018.07.22"]
[EventType "swiss"]
[EventCountry "AUT"]
[SourceTitle "playchess.com"]
[Source "ChessBase"]
[SourceQuality "1"]
[TimeControl "40/5400+30:1800+30"]

1. d4 d5 2. e3 Nf6 3. f4 Bf5 4. Nf3 e6 5. Be2 Be7 6. O-O O-O 7. Nh4 c5 8. Nxf5 exf5 9. c3 Nc6 10. Nd2 a6 11. Nf3 b5 12. a3 Qb6 13. dxc5 Bxc5 14. Nd4 g6 15. g4 fxg4 16. Bxg4 Nxg4 17. Qxg4 Bxd4 18. exd4 f5 19. Qf3 Qd8 20. Re1 Qd7 21. Bd2 Rfe8 22. Rxe8+ Rxe8 23. h4 Na5 24. Rf1 Nc4 25. Bc1 Qe6 26. h5 Kg7 27. Kf2 Nd6 28. Rh1 Ne4+ 29. Kg2 Nf6 30. hxg6 hxg6 31. Qd3 Rh8 32. Rxh8 Kxh8 33. Qe3 Qe4+ 34. Qxe4 fxe4 35. Kg3 Kg7 36. Kh4 Nh7 37. Kg4 Kf6 38. Be3 Nf8 39. Bf2 Nd7 40. Bh4+ Ke6 41. Kg5 Nf8 42. Bf2 a5 43. Be3 a4 44. Bf2 Ke7 45. f5 gxf5 46. Kxf5 Kd6 47. Bg3+ Kc6 48. Bf4 Nd7 49. Bc1 Nb6 50. Kf4 Nc4 51. Kg3 Kd6 52. Kh3 Ke6 53. Kg4 e3 54. Kf3 Kf5 55. Bxe3 Nxb2 56. Bh6 Nd1 57. Bd2 Nb2 58. Bh6 Nc4 59. Bf8 Nd2+ 60. Ke3 Ne4 61. Bb4 Kg4 62. Ba5 Nd6 63. Bb4 Nc4+ 64. Ke2 Kf4 65. Bf8 Ke4 66. Be7 Nb2 67. Bg5 Nc4 68. Be7 Na5 69. Bd6 Nc6 70. Bf8 Nd8 71. Bh6 Ne6 72. Bc1 Ng7 73. Be3 Nf5 74. Bf2 Kf4 75. Be1 Kg4 76. Bd2 Ng3+ 77. Kf2 Ne4+ 78. Ke2 Kg3 79. Be1+ Kg2 80. Kd3 Kf1 81. Bh4 Nd6 82. Be7 Nc4 83. Bb4 Ke1 84. Kc2 Ke2 85. Bf8 Ne3+ 86. Kc1 Kd3 87. Bb4 Nc2 0-1

[Event "AUT-ch 2018"]
[Site "Vienna"]
[Date "2018.07.28"]
[Round "8"]
[White "Schroll, Gerhard"]
[Black "Newrkla, Katharina"]
[Result "1-0"]
[ECO "A01"]
[WhiteElo "2295"]
[BlackElo "2175"]
[Annotator "NA"]
[PlyCount "77"]
[EventDate "2018.07.22"]
[EventType "swiss"]
[EventCountry "AUT"]
[SourceTitle "playchess.com"]
[Source "ChessBase"]
[SourceQuality "1"]
[TimeControl "40/5400+30:1800+30"]

1. b3 e5 2. Bb2 Nc6 3. e3 Nf6 4. g3 d5 5. Bg2 Bg4 6. Ne2 Qd7 7. h3 Bf5 8. d3 h5 9. Nd2 O-O-O 10. a3 Be7 11. b4 e4 12. d4 h4 13. g4 Be6 14. Nb3 b6 15. Nf4 Nh7 16. Qe2 Nb8 17. c4 Ng5 18. Nd2 dxc4 19. Nxe4 f5 20. Nxg5 Bxg5 21. Qf3 c6 22. Nxe6 Qxe6 23. Qxf5 Qxf5 24. gxf5 Rhf8 25. Be4 Rfe8 26. Bc2 Nd7 27. Rg1 Bf6 28. O-O-O c5 29. Ba4 cxb4 30. axb4 a6 31. b5 a5 32. Bc2 Nf8 33. e4 Rd7 34. e5 Bd8 35. Be4 Rc7 36. Bc6 Ree7 37. d5 Rf7 38. d6 Ra7 39. Be4 1-0

[Event "AUT-ch 2018"]
[Site "Vienna"]
[Date "2018.07.28"]
[Round "8"]
[White "Kummer, Helmut"]
[Black "Blohberger, Felix"]
[Result "1/2-1/2"]
[ECO "E11"]
[WhiteElo "2290"]
[BlackElo "2420"]
[Annotator "NA"]
[PlyCount "99"]
[EventDate "2018.07.22"]
[EventType "swiss"]
[EventCountry "AUT"]
[SourceTitle "playchess.com"]
[Source "ChessBase"]
[SourceQuality "1"]
[TimeControl "40/5400+30:1800+30"]

1. d4 Nf6 2. c4 e6 3. Nf3 Bb4+ 4. Bd2 a5 5. g3 b6 6. Bg2 Bb7 7. O-O O-O 8. Nc3 d6 9. b3 Nbd7 10. a3 Bxc3 11. Bxc3 a4 12. b4 b5 13. cxb5 Nb6 14. Re1 Qe8 15. Bf1 Ne4 16. Qd3 f5 17. Nd2 Rb8 18. Bg2 Nxd2 19. Bxd2 Bxg2 20. Kxg2 Nd5 21. f3 Rxb5 22. e4 fxe4 23. Rxe4 Rb8 24. Rae1 Rf6 25. Qe2 Qg6 26. Rxe6 Rxe6 27. Qxe6+ Qxe6 28. Rxe6 Kf7 29. Re4 Rb6 30. Re1 c5 31. dxc5 dxc5 32. Ra1 Ke6 33. Kf2 cxb4 34. axb4 Nxb4 35. Rxa4 Nd3+ 36. Ke2 Nc5 37. Rh4 h6 38. Bxh6 Rb2+ 39. Ke3 gxh6 40. Rxh6+ Kf7 41. f4 Nd7 42. Rh7+ Ke6 43. g4 Nf6 44. f5+ Kd5 45. Rg7 Rxh2 46. g5 Rh3+ 47. Kf4 Nh5+ 48. Kg4 Nxg7 49. Kxh3 Nxf5 50. g6 1/2-1/2

[Event "AUT-ch 2018"]
[Site "Vienna"]
[Date "2018.07.28"]
[Round "8"]
[White "Neumeier, Klaus"]
[Black "Schloffer, Jasmin-Denise"]
[Result "1-0"]
[ECO "A36"]
[WhiteElo "2284"]
[BlackElo "2102"]
[Annotator "NA"]
[PlyCount "57"]
[EventDate "2018.07.22"]
[EventType "swiss"]
[EventCountry "AUT"]
[SourceTitle "playchess.com"]
[Source "ChessBase"]
[SourceQuality "1"]
[TimeControl "40/5400+30:1800+30"]

1. c4 c5 2. Nc3 Nc6 3. g3 g6 4. Bg2 Bg7 5. e3 d6 6. Nge2 Bd7 7. O-O Qc8 8. d4 Bh3 9. d5 Ne5 10. f4 Bxg2 11. Kxg2 Nxc4 12. Qa4+ Qd7 13. Qxc4 O-O-O 14. b4 b6 15. a4 h5 16. bxc5 dxc5 17. a5 h4 18. axb6 hxg3 19. Qxc5+ Kb8 20. Qc7+ Qxc7 21. bxc7+ Kxc7 22. hxg3 Kb7 23. e4 Nf6 24. Be3 Ra8 25. Rfb1+ Kc7 26. Bd4 Rh7 27. Be5+ Kc8 28. Nd4 Rh8 29. Nc6 1-0

[Event "AUT-ch 2018"]
[Site "Vienna"]
[Date "2018.07.28"]
[Round "8"]
[White "Sadilek, Peter"]
[Black "Menezes, Christoph"]
[Result "1-0"]
[ECO "A46"]
[WhiteElo "2268"]
[BlackElo "2430"]
[Annotator "NA"]
[PlyCount "107"]
[EventDate "2018.07.22"]
[EventType "swiss"]
[EventCountry "AUT"]
[SourceTitle "playchess.com"]
[Source "ChessBase"]
[SourceQuality "1"]
[TimeControl "40/5400+30:1800+30"]

1. d4 Nf6 2. Nf3 e6 3. Bg5 Be7 4. e3 O-O 5. Bd3 c5 6. Nbd2 b6 7. Qe2 Bb7 8. c3 Nc6 9. h4 Ne8 10. Ne5 f5 11. Ndf3 Nf6 12. O-O-O Qe8 13. Bb5 d6 14. Nxc6 Bxc6 15. Bxc6 Qxc6 16. Qc4 d5 17. Ne5 Qe8 18. Qe2 b5 19. Bxf6 Bxf6 20. Nd3 c4 21. Nf4 Bd8 22. g4 Bc7 23. Rhg1 Qe7 24. Rde1 a5 25. gxf5 Rxf5 26. Qg4 Rf6 27. Qg5 Qf7 28. Rg2 Rf5 29. Qg4 Ra7 30. Nh3 h6 31. Reg1 Bd6 32. e4 Bf4+ 33. Kb1 dxe4 34. Qe2 Qf6 35. Qxe4 Bb8 36. Rg6 Qf7 37. Rxe6 Kh7 38. Reg6 Qd5 39. Qg4 Rff7 40. Rxh6+ Kg8 41. Qc8+ Rf8 42. Rh8+ Kxh8 43. Qxf8+ Qg8 44. Qc5 Qe8 45. Ng5 Re7 46. a4 Bh2 47. Rh1 b4 48. Qxc4 bxc3 49. Qd3 g6 50. Qxc3 Bf4 51. Qf3 Qb8 52. Rd1 Rb7 53. Qe2 Rb4 54. Ne6 1-0

[Event "AUT-ch 2018"]
[Site "Vienna"]
[Date "2018.07.28"]
[Round "8"]
[White "Gelbenegger, Patrick"]
[Black "Jedinger, Andreas"]
[Result "0-1"]
[ECO "C54"]
[WhiteElo "2260"]
[BlackElo "2090"]
[Annotator "NA"]
[PlyCount "60"]
[EventDate "2018.07.22"]
[EventType "swiss"]
[EventCountry "AUT"]
[SourceTitle "playchess.com"]
[Source "ChessBase"]
[SourceQuality "1"]
[TimeControl "40/5400+30:1800+30"]

1. e4 e5 2. Nf3 Nc6 3. Bc4 Bc5 4. c3 Nf6 5. d3 a6 6. O-O Ba7 7. Re1 d6 8. Bb3 h6 9. Nbd2 O-O 10. Nf1 Re8 11. Ng3 Be6 12. Bxe6 Rxe6 13. Nf5 d5 14. Qe2 Qd7 15. N3h4 Rd8 16. Qf3 dxe4 17. dxe4 Qd3 18. Be3 Bxe3 19. Rxe3 Qc2 20. b3 Kh7 21. Qg3 g6 22. Nxh6 Kxh6 23. Nxg6 Nh5 24. Qh3 Rd1+ 25. Re1 Rxa1 26. Rxa1 Rxg6 27. g4 Qxe4 28. Qxh5+ Kg7 29. h3 Qf4 30. Rd1 Rh6 0-1

[Event "AUT-ch 2018"]
[Site "Vienna"]
[Date "2018.07.28"]
[Round "8"]
[White "Schmidlechner, Alexander"]
[Black "Charaus, Florian"]
[Result "1/2-1/2"]
[ECO "A40"]
[WhiteElo "2226"]
[BlackElo "2115"]
[Annotator "NA"]
[PlyCount "160"]
[EventDate "2018.07.22"]
[EventType "swiss"]
[EventCountry "AUT"]
[SourceTitle "playchess.com"]
[Source "ChessBase"]
[SourceQuality "1"]
[TimeControl "40/5400+30:1800+30"]

1. d4 Nf6 2. c4 e6 3. g3 Bb4+ 4. Nd2 O-O 5. Ngf3 d5 6. Qc2 b6 7. Bg2 Bb7 8. O-O Nbd7 9. a3 Be7 10. cxd5 exd5 11. b4 c6 12. Nh4 Re8 13. Bb2 g6 14. Nhf3 Bf8 15. e3 Rc8 16. Bh3 Rc7 17. Rfc1 Bg7 18. a4 h5 19. a5 Nb8 20. Ne5 Nfd7 21. Ndf3 Nxe5 22. dxe5 Na6 23. axb6 axb6 24. Qb3 c5 25. bxc5 bxc5 26. Qb6 Nb4 27. Rxc5 Rxc5 28. Qxc5 Nd3 29. Qb5 Nxb2 30. Qxb2 Bc6 31. Qd4 Bb5 32. Ra7 Qb8 33. Ra1 Bc4 34. Bf1 Bxf1 35. Rxf1 Bxe5 36. Qxd5 Bf6 37. h4 Kg7 38. Kg2 Re7 39. Rd1 Qb2 40. Rd2 Qb4 41. Ra2 Qg4 42. Ra8 Rd7 43. Qb5 Qe6 44. Ra4 Rd1 45. Ra6 Qe4 46. Qb6 Be5 47. Qb3 Rb1 48. Qa4 Rb4 49. Qe8 Bf6 50. Qxe4 Rxe4 51. Rd6 Ra4 52. Rd7 Rg4 53. Kf1 Ra4 54. Nd2 Bc3 55. Nf3 Bf6 56. Nd4 Ra2 57. Ne6+ Kg8 58. Nd8 Bxd8 59. Rxd8+ Kg7 60. Rd7 Kf6 61. Kg2 Rc2 62. Kf3 Rb2 63. Rd6+ Ke5 64. Rd8 Kf5 65. e4+ Ke5 66. Re8+ Kf6 67. Ke3 Rb3+ 68. Kf4 Rb2 69. f3 Re2 70. Ra8 Kg7 71. Ra7 Kf6 72. e5+ Ke6 73. Ra6+ Ke7 74. g4 hxg4 75. fxg4 Rf2+ 76. Kg5 Re2 77. Ra7+ Ke6 78. h5 gxh5 79. gxh5 Rxe5+ 80. Kg4 Kf6 1/2-1/2

[Event "AUT-ch 2018"]
[Site "Vienna"]
[Date "2018.07.28"]
[Round "8"]
[White "Sadilek, Maximilian"]
[Black "Steiner, Adam"]
[Result "0-1"]
[ECO "B18"]
[WhiteElo "2224"]
[BlackElo "2174"]
[Annotator "NA"]
[PlyCount "64"]
[EventDate "2018.07.22"]
[EventType "swiss"]
[EventCountry "AUT"]
[SourceTitle "playchess.com"]
[Source "ChessBase"]
[SourceQuality "1"]
[TimeControl "40/5400+30:1800+30"]

1. e4 c6 2. d4 d5 3. Nd2 dxe4 4. Nxe4 Bf5 5. Ng3 Bg6 6. Bc4 Nf6 7. Nh3 e5 8. dxe5 Qa5+ 9. Kf1 Qxe5 10. c3 Qc5 11. Qe2+ Qe7 12. Nf4 Qxe2+ 13. Kxe2 Nbd7 14. Nxg6 hxg6 15. Bf4 Rh4 16. Kf3 g5 17. Bc7 Rxc4 18. Rhe1+ Be7 19. Nf5 g4+ 20. Ke2 Re4+ 21. Kf1 g6 22. Rxe4 Nxe4 23. Nxe7 Kxe7 24. Re1 Ndf6 25. f3 gxf3 26. gxf3 Kd7 27. Bf4 Nc5 28. Bg5 Nd5 29. c4 Ne6 30. Bh4 Ndf4 31. Rd1+ Ke8 32. Bf6 Nh5 0-1